 Dungeon Crawl Stone Soup version 0.29-a0-824-gd827844252 (webtiles) character file.

Game seed: 3306194633333846678

18685 coolguy69 the Slicer (level 12, -7/64 HPs)
             Began as a Vine Stalker Berserker on July 10, 2022.
             Was a High Priest of Trog.
             Mangled by a merfolk siren
             ... wielding a +0 trident
              (8 damage)
             ... on level 2 of the Lair of Beasts on July 11, 2022.
             The game lasted 00:14:12 (9693 turns).

coolguy69 the Slicer (Vine Stalker Berserker)       Turns: 9693, Time: 00:14:13

Health: -7/64      AC: 11    Str: 25    XL:     12   Next: 61%
Magic:  0/13       EV: 19    Int:  7    God:    Trog [*****.]
Gold:   741        SH:  6    Dex: 14    Spells: 11/11 levels left

rFire   + + .      SeeInvis .   F - +1 dagger (elec)
rCold   . . .      Faith    .   n - +0 buckler
rNeg    . . .      Spirit   +   G - +3 leather armour {rF+}
rPois   .          Reflect  .   T - +0 helmet
rElec   .          Harm     .   v - +0 cloak
rCorr   .          Rampage  .   a - +0 pair of gloves
Will    +....                   o - +0 pair of boots
Stlth   +++.......              (no amulet)
HPRegen 1.00/turn               f - +4 ring of evasion
MPRegen 0.13/turn               J - ring of protection from fire

@: lethally poisoned (-7 -> -8)
A: fangs 3, regeneration 1, magic shield, antimagic bite, no potion heal 2
a: Renounce Religion, Berserk, Trog's Hand, Brothers in Arms


You were on level 2 of the Lair of Beasts.
You worshipped Trog.
Trog was extremely pleased with you.
You visited 2 branches of the dungeon, and saw 12 of its levels.

You collected 741 gold pieces.

Inventory:

Hand Weapons
 F - a +1 dagger of electrocution (weapon)
Missiles
 l - 7 throwing nets (quivered)
Armour
 a - a +0 pair of gloves (worn)
 n - a +0 buckler (worn)
 o - a +0 pair of boots (worn)
 v - a +0 cloak (worn)
 G - a +3 leather armour of fire resistance (worn)
 T - a +0 helmet (worn)
Jewellery
 c - a ring of see invisible
 f - a +4 ring of evasion (left hand)
 m - a ring of flight
 J - a ring of protection from fire (right hand)
Wands
 t - a wand of roots (4)
 E - a wand of charming (7)
 Q - a wand of polymorph (8)
 S - a wand of flame (10)
 U - a wand of digging (6)
 V - a wand of acid (6)
 X - a wand of mindburst (4)
Scrolls
 b - 3 scrolls of magic mapping
 e - 2 scrolls of fog
 g - 9 scrolls of teleportation
 k - 2 scrolls of fear {unknown}
 p - a scroll of amnesia {unknown}
 w - a scroll of poison {unknown}
 x - 3 scrolls of enchant weapon {unknown}
 y - 3 scrolls of torment {unknown}
 A - 2 scrolls of vulnerability {unknown}
 B - 3 scrolls of enchant armour {unknown}
 K - a scroll of immolation {unknown}
 L - a scroll of silence
 M - a scroll of noise
 O - a scroll of identify
 R - a scroll of summoning
 W - 2 scrolls of blinking
Potions
 d - a potion of experience {unknown}
 h - 3 potions of lignification {unknown}
 i - 4 potions of curing {unknown}
 j - 2 potions of might {unknown}
 q - 3 potions of resistance {unknown}
 r - 8 potions of ambrosia {unknown}
 s - 2 potions of berserk rage {unknown}
 C - 3 potions of degeneration {unknown}
 D - a potion of attraction {unknown}
 H - a potion of mutation {unknown}
 I - 3 potions of brilliance {unknown}
 N - 3 potions of heal wounds {unknown}


   Skills:
 + Level 8.1 Fighting
 + Level 10.1 Short Blades
 + Level 6.2 Armour
 + Level 8.5 Dodging
 + Level 7.3 Stealth
 + Level 7.3 Shields


You had 11 spell levels left.
You didn't know any spells.
Your spell library was empty.

Dungeon Overview and Level Annotations

Branches:
Dungeon (10/15)            Temple (0/1) D:6            Lair (2/6) D:9
    Orc (0/2) D:10
  Swamp: Lair:2-4    Shoals: Lair:2-4     Snake: Lair:2-4    Spider: Lair:2-4

Altars:
Ashenzari
Fedhas
Hepliaklqana
Makhleb
Nemelex Xobeh
Okawaru
Ru
Trog
Vehumet
Wu Jian
Xom
Yredelemnul
Zin


Innate Abilities, Weirdness & Mutations

You have razor-sharp teeth.
Your natural rate of healing is unusually fast.
When hurt, damage is shared between your health and your magic reserves.
Your bite disrupts and absorbs the magic of your enemies.
Potions cannot restore your health.


Message History

You are more poisoned.
You barely miss the merfolk siren.
The merfolk siren is heavily wounded.
You feel very sick.
The merfolk siren chants its luring song.
The merfolk siren hits you from afar with a +0 spear!
You are too injured to fight recklessly!
You are too injured to fight recklessly!
You are too injured to fight recklessly!
You are too injured to fight recklessly!
You are too injured to fight recklessly!
You are too injured to fight recklessly!
Unknown command.
It was a potion of magic.
Magic courses through your body.
You feel very sick. The merfolk completely misses you.
The merfolk siren chants its luring song.
The merfolk siren hits you but does no damage.
It was a potion of flight.
You feel very buoyant.
You fly up into the air.
You feel very sick.
The merfolk throws a boomerang.
The boomerang hits you!
* * * LOW HITPOINT WARNING * * *
The merfolk siren chants its luring song. x2
The merfolk siren chants a haunting song.
It was a potion of cancellation.
Your magical effects are unravelling.
You feel magically purged.
You float gracefully downwards.
You break out of your daze.
You feel sick.
The merfolk hits you from afar with a +1 trident of venom!!
* * * LOW HITPOINT WARNING * * *
The merfolk siren hits you with a +0 trident.
* * * LOW HITPOINT WARNING * * *
You block the merfolk siren's attack.
* * * LOW HITPOINT WARNING * * *
You feel sick.
The merfolk siren hits you with a +0 trident!
You die...

...## ..# ..P# #..#
..#### ..# ..##.# ###..#
..##.# #...# .....####
##†..# #
......#.###...#### .≈≈
.......###......P###.≈≈≈#
........###..?..@.mm≈.#
#.##.............m.m###
##......................
.........................
.........................
.........................
≈.................$......
≈.#.P...÷................
≈≈........###....<


You could see a merfolk and 3 merfolk sirens.

Vanquished Creatures
  Pikel (D:6)
  A black mamba (Lair:2)
  4 cane toads
  Maggie (D:7)
  2 unseen horror zombies (D:8)
  A polar bear (Lair:2)
  A hornet (D:9)
  6 blink frogs (Lair:1)
  A wraith (D:9)
  Eustachio (D:5)
  3 wyverns
  2 basilisks
  Grum (D:6)
  41 yaks
  2 steam dragons
  Menkaure (D:7)
  A warg (D:10)
  Edmund (D:6)
  11 water moccasins
  An acid dragon (D:10)
  2 sky beasts
  4 orc warriors
  5 ice beasts
  3 black bears
  4 ogres
  2 phantoms
  7 centaurs
  A lemure (D:6)
  9 bullfrogs
  A kobold brigand (D:8)
  2 necrophages (D:5)
  3 gnoll sergeants (D:6)
  A scorpion (D:6)
  2 wyvern zombies (D:8)
  12 killer bees (D:9)
  A vampire bat (Lair:1)
  3 howler monkeys (D:10)
  2 gnoll boudas (D:6)
  17 hounds
  2 centaur zombies (D:8)
  8 orc priests
  A jelly (D:4)
  6 iguanas
  10 orc wizards
  A killer bee zombie (D:8)
  2 howler monkey zombies (D:8)
  13 gnolls
  5 adders
  4 white imps
  An ufetubus (D:6)
  2 worms
  A dart slug (D:5)
  39 orcs
  6 ball pythons
  8 endoplasms
  2 giant cockroaches
  7 goblins
  9 hobgoblins
  10 jackals
  3 quokkas
  10 bats
  3 frilled lizards
  28 kobolds
  A rat (D:3)
346 creatures vanquished.

Vanquished Creatures (others)
  A wizard (D:6)
  An orc (D:9)
  A fungus (Lair:2)
  18 plants
21 creatures vanquished.

Grand Total: 367 creatures vanquished

Notes
Turn   | Place    | Note
-------+----------+-------------------------------------------
     0 | D:1      | coolguy69 the Vine Stalker Berserker began the quest for
                  | the Orb.
     0 | D:1      | Reached XP level 1. HP: 11/11 MP: 2/2
   378 | D:1      | Reached XP level 2. HP: 16/16 MP: 3/3
   399 | D:1      | Reached skill level 3 in Short Blades
  1021 | D:2      | Found a burning altar of Makhleb.
  1186 | D:2      | Found a faded altar of an unknown god.
  1191 | D:2      | Reached XP level 3. HP: 20/20 MP: 4/4
  1407 | D:2      | Gained mutation: Your natural rate of healing is unusually
                  | fast. [Vine Stalker growth]
  1407 | D:2      | Reached XP level 4. HP: 9/24 MP: 5/5
  1591 | D:3      | Noticed an ogre
  1602 | D:3      | Killed an ogre
  1603 | D:3      | Reached skill level 4 in Short Blades
  1603 | D:3      | Reached XP level 5. HP: 28/28 MP: 6/6
  1649 | D:3      | Found a blossoming altar of Fedhas.
  1710 | D:3      | Reached ** piety under Trog
  2301 | D:4      | Reached skill level 1 in Shields
  2301 | D:4      | Reached XP level 6. HP: 32/32 MP: 7/7
  2529 | D:4      | Reached *** piety under Trog
  2639 | D:4      | Found a broken altar of Ashenzari.
  2641 | D:4      | Found a sacrificial altar of Ru.
  2655 | D:4      | Found a glowing silver altar of Zin.
  2656 | D:4      | Found a shimmering altar of Xom.
  2803 | D:4      | Reached XP level 7. HP: 37/37 MP: 8/8
  2908 | D:5      | Entered Level 5 of the Dungeon
  2915 | D:5      | Noticed a steam dragon
  2928 | D:5      | Killed a steam dragon
  2929 | D:5      | Reached skill level 5 in Short Blades
  3029 | D:5      | Gained mutation: You have razor-sharp teeth. [Vine Stalker
                  | growth]
  3029 | D:5      | Reached XP level 8. HP: 35/42 MP: 7/9
  3073 | D:5      | Noticed a yak
  3074 | D:5      | Noticed a yak
  3074 | D:5      | Noticed a yak
  3076 | D:5      | Noticed a yak
  3078 | D:5      | Noticed a yak
  3081 | D:5      | Killed a yak
  3086 | D:5      | Killed a yak
  3087 | D:5      | Reached skill level 6 in Short Blades
  3092 | D:5      | Killed a yak
  3096 | D:5      | Killed a yak
  3097 | D:5      | Reached skill level 1 in Stealth
  3098 | D:5      | Killed a yak
  3099 | D:5      | Reached skill level 5 in Fighting
  3210 | D:5      | Reached XP level 9. HP: 47/47 MP: 10/10
  3383 | D:5      | Noticed Eustachio
  3409 | D:5      | Killed Eustachio
  3458 | D:5      | Reached skill level 7 in Short Blades
  3792 | D:6      | Reached skill level 5 in Armour
  3810 | D:6      | Found a sparkling altar of Nemelex Xobeh.
  3840 | D:6      | Found a bloodstained altar of Trog.
  3843 | D:6      | Noticed a wizard
  3851 | D:6      | Killed a wizard
  3933 | D:6      | Reached **** piety under Trog
  3980 | D:6      | Found a radiant altar of Vehumet.
  4058 | D:6      | Noticed Pikel
  4070 | D:6      | Killed Pikel
  4071 | D:6      | Reached skill level 5 in Dodging
  4071 | D:6      | Reached XP level 10. HP: 53/53 MP: 8/11
  4098 | D:6      | Noticed Edmund
  4113 | D:6      | Killed Edmund
  4147 | D:6      | Noticed Grum
  4152 | D:6      | Killed Grum
  4216 | D:6      | Found a staircase to the Ecumenical Temple.
  4687 | D:7      | Noticed Menkaure
  4700 | D:7      | Killed Menkaure
  4701 | D:7      | Reached skill level 8 in Short Blades
  4781 | D:7      | Noticed Maggie
  4791 | D:7      | Killed Maggie
  5474 | D:8      | Reached skill level 5 in Shields
  5647 | D:8      | Reached ***** piety under Trog
  5660 | D:8      | Reached XP level 11. HP: 43/58 MP: 10/12
  5743 | D:8      | Found a basalt altar of Yredelemnul.
  5934 | D:8      | Reached skill level 9 in Short Blades
  6079 | D:8      | Reached skill level 5 in Stealth
  6601 | D:9      | Found a hazy altar of Hepliaklqana.
  6740 | D:9      | Found a staircase to the Lair.
  7153 | D:10     | Entered Level 10 of the Dungeon
  7168 | D:10     | Found an iron altar of Okawaru.
  7283 | D:10     | Found a staircase to the Orcish Mines.
  7570 | D:10     | Reached XP level 12. HP: 63/63 MP: 13/13
  7645 | D:10     | Found an ornate altar of the Wu Jian Council.
  8287 | Lair:1   | Entered Level 1 of the Lair of Beasts
  8502 | Lair:1   | Reached ****** piety under Trog
  8502 | Lair:1   | Identified the +9 falchion of Cawokko {antimagic, Dex+4
                  | SInv} (Trog gifted it to you on level 1 of the Lair of
                  | Beasts)
  8502 | Lair:1   | Received a gift from Trog
  9319 | Lair:2   | Reached skill level 10 in Short Blades
  9692 | Lair:2   | HP: 3/64 [merfolk/+1 trident of venom (11)]
  9693 | Lair:2   | HP: 1/64 [poisoned by a merfolk]
  9693 | Lair:2   | Mangled by a merfolk siren

Illustrated notes

Levels and vault maps discovered:
D:1:      shiori_arrival_maze, layout_basic, patterned_corridor
D:2:      layout_loops_ring, basic_altar,
          hellmonk_ecumenical_altar_slurped_away, minmay_pentomino_o2
D:3:      corexii_shack_village, layout_rooms, mainiacjoe_overflow_24_doors
D:4:      layout_loops_ring, mainiacjoe_overflow_alcove_3, st_stairs_5,
          minmay_goblin_outpost
D:5:      layout_loops_ring, uniq_eustachio
D:6:      layout_cave_pools, trog_wizard, mainiacjoe_overflow_paths,
          nicolae_vehumet_radiance, minmay_temple_entry_glassed_door,
          serial_gnoll_camp, gnoll_camp_medium_02, gnoll_camp_mini_hut,
          gnoll_camp_mini_hut, grums_kennel, gnoll_camp_mini_basic,
          minmay_tree_intersection, serial_bayou_pond_d, uniq_pikel, uniq_edmund
D:7:      layout_cave_pods, uniq_maggie, uniq_menkaure
D:8:      kennysheep_kobold_camp, layout_rooms, nicolae_yredelemnul_corpse_copse
D:9:      layout_basic, nicolae_hepliaklqana_hippocampus, david_lair_generic
D:10:     layout_small_grid, mainiacjoe_overflow_boulevard,
          mainiacjoe_overflow_brackets, erik_orc_3
Lair:1:   layout_layer_cave, roderic_batcave, grunt_megastairs_1
Lair:2:   layout_hall_layers, elwin_shoals_entry_stream,
          infiniplex_staircase_pool, serial_bayou_shore_a

Skill      XL: |  1  2  3  4  5  6  7  8  9 10 11 12 |
---------------+-------------------------------------+-----
Short Blades   | 3 4 5 6 7 8 9 10 | 10.1
Fighting       | 3 4 5 6 7 8 |  8.1
Dodging        | 2 3 4 5 6 7 8 |  8.5
Armour         | 2 3 4 5 6 |  6.2
Shields        | 1 2 3 5 6 7 |  7.3
Stealth        | 1 2 4 5 7 |  7.3

Action                   |  1- 3 |  4- 6 |  7- 9 | 10-12 || total
-------------------------+-------+-------+-------+-------++-------
Melee: Short sword       |    62 |   165 |   134 |       ||   361
       Bite              |    17 |    61 |   107 |   316 ||   501
       Dagger            |       |       |   137 |   952 ||  1089
Invok: Berserk           |     1 |       |     4 |     7 ||    12
  Use: Scroll            |       |       |       |     7 ||     7
       Potion            |       |       |       |     3 ||     3
 Stab: Sleeping          |       |       |     1 |    15 ||    16
Armor: Ring mail         |    16 |    43 |    30 |       ||    89
       Leather armour    |       |       |    17 |   202 ||   219
Dodge: Dodged            |    36 |   123 |   150 |   626 ||   935
Block: Buckler           |       |    28 |    50 |   217 ||   295

Table legend: (Time is in decaauts)
 A = Elapsed time spent in this place.
 B = Non-inter-level travel time spent in this place.
 C = Inter-level travel time spent in this place.
 D = Time resting spent in this place.
 E = Time spent auto-exploring this place.
 F = Levels seen in this place.
 G = Mean time per level.
                   A        B        C        D        E       F      G
               +--------+--------+--------+--------+--------+-----+--------+
         Total |   9338 |   9035 |    303 |    277 |   6767 |  12 |  778.2 |
       Dungeon |   8003 |   7722 |    281 |    196 |   5807 |  10 |  800.3 |
          Lair |   1334 |   1312 |     22 |     80 |    959 |   2 |  667.0 |
               +--------+--------+--------+--------+--------+-----+--------+

Top non-repeatable levels by time:
    D:10: 1039 daAuts
     D:6: 890 daAuts
     D:8: 882 daAuts
     D:5: 824 daAuts
  Lair:1: 822 daAuts
     D:2: 806 daAuts
     D:1: 775 daAuts
     D:7: 759 daAuts
     D:9: 706 daAuts
     D:4: 705 daAuts
     D:3: 614 daAuts
  Lair:2: 512 daAuts
